 Dungeon Crawl Stone Soup version 0.31-a0-164-g2312942fda (webtiles) character file.

Game seed: 17309875542698157937

53 qw the Chopper (level 3, -4/23 HPs)
             Began as a Gargoyle Fighter on June 13, 2023.
             Killed from afar by Natasha (7 damage)
             ... with a magic dart
             ... on level 2 of the Dungeon.
             The game lasted 00:00:28 (807 turns).

qw the Chopper (Gargoyle Fighter)                    Turns: 807, Time: 00:00:28

Health: -4/23      AC: 10    Str: 21    XL:     3   Next: 87%
Magic:  3/3        EV:  9    Int:  8    God:
Gold:   53         SH:  4    Dex:  9    Spells: 2/2 levels left

rFire   . . .        Y - +0 war axe
rCold   . . .        c - +0 buckler
rNeg    + . .        b - +0 scale mail
rPois   inf          (no helmet)
rElec   +            (no cloak)
rCorr   .            (no gloves)
SInv    .            (no boots)
Will    .....        (no amulet) Stlth
                     (no ring)
HPRegen 0.23/turn    (no ring)
MPRegen 0.08/turn

%: no passive effects
@: slowed, very slow
A: sickness immunity, AC +3, negative energy resistance 1, electricity
resistance, torment resistance 1, petrification resistance
a: no special abilities


You were on level 2 of the Dungeon.
You visited 1 branch of the dungeon, and saw 2 of its levels.

You collected 53 gold pieces.


Innate Abilities, Weirdness & Mutations

You are immune to sickness and miasma.
Your stone body is resilient. (AC +3)
You are immune to poison.
You resist negative energy. (rN+)
You are resistant to electric shocks. (rElec)
You are resistant to unholy torment.
You are immune to petrification.


   Skills:
 - Level 3.2 Fighting
 + Level 3.7 Axes
 - Level 3.2 Armour
 - Level 3.2 Shields


You had 2 spell levels left.
You didn't know any spells.
Your spell library was empty.

Inventory:

Hand Weapons
 g - a +0 flail
 Y - a +0 war axe (weapon)
Armour
 b - a +0 scale mail (worn)
 c - a +0 buckler (worn)
Potions
 d - a potion of might
 e - a potion of degeneration {unknown}
 f - a potion of curing {unknown}

Dungeon Overview and Level Annotations

Branches:
Dungeon (2/15)

Altars:

Annotations:
D:2 Natasha


Message History

You closely miss Natasha.
Natasha is severely wounded.
Natasha claws you but does no damage.
The cerulean imp hits you from afar with a +2 spear.
Natasha claws you but does no damage.
You slash Natasha!
You kill Natasha!
Natasha growls in agony!
The cerulean imp disappears in a puff of smoke!
You start resting.
Natasha, Servant of Life and Death comes into view.
787 ||| FLEEEEING.
788 ||| FLEEEEING.
789 ||| FLEEEEING.
790 ||| FLEEEEING.
799 ||| FLEEEEING.
800 ||| FLEEEEING.
801 ||| FLEEEEING.
802 ||| FLEEEEING.
Natasha drinks a potion.
Natasha seems to speed up.
Natasha casts a spell at you. You resist with significant effort.
You hit Natasha.
Natasha is lightly wounded.
You block Natasha's attack.
Natasha hisses.
Natasha casts a spell.
You closely miss Natasha.
Natasha is lightly wounded.
Natasha claws you! Natasha casts a spell at you.
You feel yourself slow down.
You closely miss Natasha.
Natasha is lightly wounded.
Natasha completely misses you.
The cerulean imp hits you from afar with a +2 spear.
Natasha barely misses you. The cerulean imp completely misses you.
Natasha casts a spell at you. The magic dart hits you!
You die...

#....>..####... .
#.......# .### ##.
####.#### .# ..#
#.# #.# #.# #.#
#.# #.# #5#
#####.## #h#
#....... #@#
#.###.#. #.#
#.###... #.#
#.##..).
#.#########.##.##.
#........##.##.##.
########..........
########### # #


You could see Natasha (fast) and a cerulean imp (summoned).

Vanquished Creatures
  Natasha (D:2)
  A gnoll (D:1)
  A worm (D:2)
  An endoplasm (D:2)
  A giant cockroach (D:1)
  2 goblins
  A hobgoblin (D:1)
  3 ball pythons (D:1)
  3 bats (D:1)
  A frilled lizard (D:1)
  A kobold (D:1)
  3 rats
19 creatures vanquished.

Notes
Turn   | Place    | Note
-------+----------+-------------------------------------------
     0 | D:1      | qw the Gargoyle Fighter began the quest for the Orb.
     0 | D:1      | Reached XP level 1. HP: 14/14 MP: 1/1
     0 | D:1      | 0 ||| qw: Version: 0.2-a-29-gc1b59c4
     0 | D:1      | 0 ||| qw: Game counter: 4531
     0 | D:1      | 0 ||| qw: Always use a shield: true
     0 | D:1      | 0 ||| qw: God list: Okawaru
     0 | D:1      | 0 ||| qw: Allow faded altars: false
     0 | D:1      | 0 ||| qw: Do Orc after D:15 true
     0 | D:1      | 0 ||| qw: Do second Lair branch before Depths: true
     0 | D:1      | 0 ||| qw: Lair rune preference: random
     0 | D:1      | 0 ||| qw: Plans: Normal, Zot:1-4, Slime:5, God:TSO, Crypt,
                  | Tomb, Abyss, Pan, Hells, Win
     0 | D:1      | 0 ||| PLANNING D:1-11
    62 | D:1      | You fall into a shaft and drop 1 floor!
   106 | D:2      | 106 ||| READING scroll labelled UCZIECWAUL.
   130 | D:1      | Reached XP level 2. HP: 19/19 MP: 2/2
   203 | D:1      | 203 ||| Stepping ~*~*~tactically~*~*~ (stealth).
   314 | D:1      | Reached skill level 3 in Axes
   442 | D:1      | Reached XP level 3. HP: 22/23 MP: 3/3
   651 | D:1      | 651 ||| READING scroll labelled BIBLOTZEFE.
   682 | D:2      | 682 ||| DROPPING +0 whip.
   723 | D:2      | Found a faded altar of an unknown god.
   740 | D:2      | Noticed Natasha
   760 | D:2      | HP: 5/23 [cerulean imp/+2 spear[Natasha] (2)]
   761 | D:2      | Killed Natasha
   786 | D:2      | Noticed Natasha
   787 | D:2      | 787 ||| FLEEEEING.
   788 | D:2      | 788 ||| FLEEEEING.
   789 | D:2      | 789 ||| FLEEEEING.
   790 | D:2      | 790 ||| FLEEEEING.
   799 | D:2      | 799 ||| FLEEEEING.
   800 | D:2      | 800 ||| FLEEEEING.
   801 | D:2      | 801 ||| FLEEEEING.
   802 | D:2      | 802 ||| FLEEEEING.
   807 | D:2      | HP: 3/23 [cerulean imp/+2 spear[Natasha] (5)]
   807 | D:2      | Killed from afar by Natasha

Levels and vault maps discovered:
D:1:      minmay_arrival_four_circles, layout_rooms, roderic_roman_lattice
D:2:      layout_loops_cross, basic_ecumenical_altar, serial_shops,
          nicolae_shop_peninsula, nicolae_square_shop, shop, uniq_natasha

Skill      XL: |  1  2 |
---------------+-------+-----
Axes           | 2 3 |  3.7
Fighting       | |  3.2
Armour         | |  3.2
Shields        | |  3.2

Action                     || total
---------------------------++-------
  Melee: War axe           ||    83
    Use: Scroll            ||     2
 Armour: Scale mail        ||    42
  Dodge: Dodged            ||    28
  Block: Buckler           ||    14

Table legend:
 A = Non-vault XP
 B = Vault XP
 C = Vault XP percentage of total XP
 D = Non-vault monster count
 E = Vault monster count
 F = Vault count percentage of total count
                 A         B        C        D         E       F
            +---------+---------+-------+---------+---------+-------
      Total |      41 |      35 |  46.1 |      18 |       1 |   5.3
            +---------+---------+-------+---------+---------+-------
        D:1 |      31 |       0 |   0.0 |      14 |       0 |   0.0
        D:2 |      10 |      35 |  77.8 |       4 |       1 |  20.0
            +---------+---------+-------+---------+---------+-------
